 Dungeon Crawl Stone Soup version 0.32-a0-39-g5c88369fb2 (webtiles) character file.

Game seed: 343876266246553379

3391 IndexError the Fighter (level 10, -5/83 HPs)
             Began as a Djinni Fire Elementalist on Jan 30, 2024.
             Slain by a yak (14 damage)
             ... on level 8 of the Dungeon.
             The game lasted 00:12:44 (8397 turns).

IndexError the Fighter (Djinni Fire Elementalist)   Turns: 8397, Time: 00:12:44

Health: -5/83      AC:  4    Str:  7    XL:     10   Next: 24%
Gold:   371        EV: 13    Int: 24    God:
                   SH:  0    Dex: 20

rFire   + + .        p - +2 dagger (holy)
rCold   x . .        (no shield)
rNeg    . . .        a - +0 robe
rPois   ∞            (no helmet)
rElec   .            o - +0 cloak
rCorr   .            h - +0 pair of gloves
SInv    .            (boots unavailable)
Will    +....        (no amulet)
Stlth   ++           q - ring "Isutakal" {rPois Int+4 Dex+5}
HPRegen 0.33/turn    (no ring)
MPRegen 0.00/turn

%: infuse magic (-6 HP)
@: flying
A: sickness immunity, fire resistance 2, cold vulnerability 1, float, innate
caster, HP casting, extra vitality 1
a: no special abilities


You were on level 8 of the Dungeon.
You visited 1 branch of the dungeon, and saw 8 of its levels.

You collected 371 gold pieces.

Inventory:

Hand Weapons
 g - a +1 dagger of venom
   (You took it off a kobold on level 1 of the Dungeon)
 p - a +2 dagger of holy wrath (weapon)
   (You took it off a kobold on level 3 of the Dungeon)
Armour
 a - a +0 robe (worn)
 h - a +0 pair of gloves (worn)
   (You found it on level 1 of the Dungeon)
 m - the +8 plate armour of Sorcery {rC+ Will+ Dex+4}
   (You took it off a hobgoblin on level 2 of the Dungeon)

   Dex+4:     It affects your dexterity (+4).
   rC+:       It protects you from cold.
   Will+:     It increases your willpower.
 o - a +0 cloak (worn)
   (You took it off Crazy Yiuf on level 2 of the Dungeon)
Magical Staves
 A - a staff of earth
   (You found it on level 7 of the Dungeon)
Jewellery
 q - the ring "Isutakal" (left hand) {rPois Int+4 Dex+5}
   (You found it on level 3 of the Dungeon)

   [ring of poison resistance]

   Int+4:     It affects your intelligence (+4).
   Dex+5:     It affects your dexterity (+5).
   rPois:     It protects you from poison
Wands
 v - a wand of digging (14)
   (You found it on level 4 of the Dungeon)
 z - a wand of paralysis (8)
   (You found it on level 7 of the Dungeon)
Scrolls
 b - a scroll of torment {unknown}
 f - 4 scrolls of fear {unknown}
 j - 2 scrolls of silence {unknown}
 k - 7 scrolls of identify {unknown}
 l - 5 scrolls of immolation {unknown}
 n - 4 scrolls of teleportation {unknown}
 t - a scroll of blinking {unknown}
 u - 3 scrolls of amnesia {unknown}
 w - 4 scrolls of vulnerability {unknown}
 y - a scroll of enchant weapon {unknown}
Potions
 c - a potion of magic {unknown}
 d - 3 potions of enlightenment {unknown}
 e - a potion of mutation {unknown}
 i - 3 potions of curing {unknown}
 r - a potion of attraction {unknown}
 s - 3 potions of heal wounds {unknown}
 x - a potion of invisibility {unknown}
 B - a potion of haste {unknown}


   Skills:
 * Level 11.3 Fighting
 - Level 2.1 Dodging
 - Level 1.5 Stealth
 + Level 7.0 Spellcasting
 + Level 7.0 Conjurations
 + Level 7.0 Hexes
   Level 0.0 Charms
 + Level 7.0 Summonings
 + Level 7.0 Necromancy
 + Level 7.0 Translocations
   Level 0.0 Transmutations
 + Level 7.0 Fire Magic
 + Level 7.0 Ice Magic
 + Level 7.0 Air Magic
 + Level 7.0 Earth Magic
 + Level 7.0 Alchemy


You knew the following spells:

 Your Spells              Type           Power      Damage    Failure   Level
a - Foxfire               Conj/Fire      100%       2x1d9     1%          1
b - Scorch                Fire           84%        2d8       1%          2
c - Volatile Blastmotes   Fire/Tloc      84%        2d17      1%          3
d - Inner Flame           Hex/Fire       42%        N/A       1%          3
e - Flame Wave            Conj/Fire      42%        2d11      4%          4
f - Freeze                Ice            100%       1d10      1%          1
g - Static Discharge      Conj/Air       84%        3-7/arc   1%          2
h - Gell's Gravitas       Tloc           42%        N/A       1%          3
i - Fulminant Prism       Conj/Alch      21%        3d12      4%          4
Your spell library was empty.

Dungeon Overview and Level Annotations

Branches:
Dungeon (8/15)             Temple (0/1) D:6
   Lair: D:8-11

Altars:

Shops:
D:3 ?


Innate Abilities, Weirdness & Mutations

You are immune to sickness and miasma.
You are immune to poison.
Your flesh is very heat resistant. (rF++)
You are vulnerable to cold. (rC-)
You float through the air rather than walking.
You learn spells naturally, not from books.
Your magical power is your life essence.
You have superior vitality. (+4 MHP)


Message History

You fly downwards.
There is a stone staircase leading up here.
You fly upwards.
There is a stone staircase leading down here.
There is a stone staircase leading down here.
You fly downwards.
There is a stone staircase leading up here.
You see here 3 stones. 2 yaks come into view.
Found 3 stones.
Found a stone staircase leading down.
You conjure some foxfire!
You conjure some foxfire!
The yak bellows!
You hear a bellow! x3
A yak comes into view.
You take 1 damage, and have 81/82 hp.
You conjure some foxfire!
The foxfire hits the yak. x3
You take 1 damage, and have 80/82 hp.
You conjure some foxfire!
The foxfire hits the yak but does no damage.
A yak comes into view.
You conjure some foxfire!
The foxfire hits the yak.
The foxfire hits the yak but does no damage.
The foxfire hits the yak!
You take 1 damage, and have 79/82 hp.
You conjure some foxfire!
The foxfire hits the yak!
The foxfire hits the yak but does no damage.
You conjure some foxfire!
The foxfire hits the yak!
The foxfire hits the yak.
A yak comes into view.
You take 1 damage, and have 78/82 hp.
You conjure some foxfire!
The yak bellows!
You hear a bellow!
The foxfire hits the yak.
A yak comes into view.
You take 1 damage, and have 77/82 hp.
You conjure some foxfire!
The foxfire hits the yak but does no damage.
The foxfire hits the yak! x2
You take 1 damage, and have 76/82 hp.
You conjure some foxfire!
The foxfire hits the yak. x3
You conjure some foxfire!
The foxfire hits the yak but does no damage.
You take 1 damage, and have 75/82 hp.
You conjure some foxfire!
The foxfire hits the yak but does no damage. x2
The yak gores you!
You conjure some foxfire!
The foxfire hits the yak.
Your Spellcasting skill increases to level 7!
Your Conjurations skill increases to level 7!
Your Hexes skill increases to level 7!
Your Summonings skill increases to level 7!
Your Necromancy skill increases to level 7!
Your Translocations skill increases to level 7!
Your Fire Magic skill increases to level 7!
Your Ice Magic skill increases to level 7!
Your Air Magic skill increases to level 7!
Your Earth Magic skill increases to level 7!
Your Alchemy skill increases to level 7!
You take 10 damage, and have 65/83 hp.
You conjure some foxfire!
The foxfire hits the yak. x2
The yak closely misses you.
You conjure some foxfire!
The foxfire hits the yak.
The yak gores you!
You take 9 damage, and have 56/83 hp.
You conjure some foxfire!
The foxfire hits the yak. x2; The yak gores you!
You take 10 damage, and have 46/83 hp.
You are too injured to fight recklessly!
You are too injured to fight recklessly!
You are too injured to fight recklessly!
Casting: Foxfire (safe; 1% risk of failure)
Confirm with . or Enter, or press ? or * to list all spells.
You conjure some foxfire!
The foxfire hits the yak.
The foxfire hits the yak but does no damage.
The foxfire hits the yak.
The yak misses you.
Casting: Foxfire (safe; 1% risk of failure)
Confirm with . or Enter, or press ? or * to list all spells.
You conjure some foxfire!
The foxfire hits the yak but does no damage.
The yak barely misses you.
You take 1 damage, and have 45/83 hp.
The foxfire hits the yak!
The yak gores you.
You take 1 damage, and have 44/83 hp.
Casting: Foxfire (safe; 1% risk of failure)
Confirm with . or Enter, or press ? or * to list all spells.
You conjure some foxfire!
The yak misses you. The yak gores you! The yak gores you but does no damage.
You take 11 damage, and have 33/83 hp.
The foxfire hits the yak.
The yak gores you!
* * * LOW HITPOINT WARNING * * *
The yak gores you!
* * * LOW HITPOINT WARNING * * *
The yak gores you.
* * * LOW HITPOINT WARNING * * *
You take 23 damage, and have 10/83 hp.
MASSIVE DAMAGE!!
Casting: Foxfire (safe; 1% risk of failure)
Confirm with . or Enter, or press ? or * to list all spells.
You conjure some foxfire!
* * * LOW HITPOINT WARNING * * *
The yak gores you.
* * * LOW HITPOINT WARNING * * *
The yak gores you!
You die...

.......<.#
####.#####.##
.... ..# ...
#.## #.. (#?#
>.##.#.#
......
#.###Y#.##
#...v@YY###
#.###Y##.....
#.# .##.#
#.##.##.#
#(.<....#
####.###...
.# .# .#


You could see 4 yaks.

Vanquished Creatures
  Pikel (D:4)
  A troll (D:7)
  2 yaks (D:8)
  A steam dragon (D:5)
  Duvessa (D:5)
  3 water moccasins
  A black bear (D:5)
  An ice beast (D:5)
  A sky beast (D:7)
  A centaur (D:7)
  3 lemures
  3 scorpions (D:5)
  14 wights
  Dowan (D:5)
  A howler monkey (D:5)
  A bombardier beetle (D:4)
  4 hounds
  Crazy Yiuf (D:2)
  A gnoll bouda (D:5)
  Jessica (D:2)
  Terence (D:3)
  3 iguanas
  5 adders
  3 gnolls (D:5)
  A shadow imp (D:7)
  A white imp (D:6)
  2 ufetubi (D:6)
  4 dart slugs
  5 ribbon worms
  12 orcs
  4 ball pythons
  7 bats
  8 endoplasms
  4 giant cockroaches
  6 goblins
  10 hobgoblins
  3 jackals (D:1)
  11 kobolds
  2 quokkas
  10 rats
145 creatures vanquished.

Vanquished Creatures (others)
  An orc (D:5)
  936 foxfires
  3 fulminant prisms (D:7)
940 creatures vanquished.

Grand Total: 1085 creatures vanquished

Notes
Turn   | Place    | Note
-------+----------+-------------------------------------------
     0 | D:1      | IndexError the Djinni Fire Elementalist began the quest for
                  | the Orb.
     0 | D:1      | IndexError set off with the following spells memorised:
                  | Foxfire, Scorch, Volatile Blastmotes, Inner Flame, Flame
                  | Wave.
     0 | D:1      | Reached XP level 1. HP: 15/15 MP: 0/0
    90 | D:1      | Reached skill level 1 in Fighting
    90 | D:1      | Reached XP level 2. HP: 14/22 MP: 0/0
   289 | D:1      | Reached XP level 3. HP: 27/28 MP: 0/0
   289 | D:1      | Learned a level 1 spell: Freeze
   314 | D:1      | Reached skill level 2 in Fighting
   393 | D:1      | You are sucked into a shaft and drop 1 floor!
   782 | D:1      | Reached XP level 4. HP: 30/34 MP: 0/0
  1106 | D:2      | Noticed Jessica
  1111 | D:2      | Killed Jessica
  1112 | D:2      | Reached skill level 3 in Fighting
  1564 | D:2      | Reached XP level 5. HP: 36/40 MP: 0/0
  1564 | D:2      | Learned a level 2 spell: Static Discharge
  1625 | D:2      | Identified the +8 plate armour of Sorcery {rC+ Will+ Dex+4}
  1854 | D:2      | Found a runed translucent door.
  1855 | D:2      | Noticed Crazy Yiuf
  1990 | D:2      | Killed Crazy Yiuf
  2487 | D:3      | Noticed Terence
  2496 | D:3      | Killed Terence
  2497 | D:3      | Reached skill level 4 in Fighting
  2690 | D:3      | Identified the ring "Isutakal" {rPois Int+4 Dex+5}
  2724 | D:3      | Found Qaqeonus's Magic Scroll Emporium.
  2857 | D:3      | Found a faded altar of an unknown god.
  3240 | D:4      | Reached XP level 6. HP: 44/47 MP: 0/0
  3248 | D:4      | Reached skill level 4 in Spellcasting
  3248 | D:4      | Reached skill level 4 in Conjurations
  3248 | D:4      | Reached skill level 4 in Hexes
  3248 | D:4      | Reached skill level 4 in Summonings
  3248 | D:4      | Reached skill level 4 in Necromancy
  3248 | D:4      | Reached skill level 4 in Translocations
  3248 | D:4      | Reached skill level 4 in Fire Magic
  3248 | D:4      | Reached skill level 4 in Ice Magic
  3248 | D:4      | Reached skill level 4 in Air Magic
  3248 | D:4      | Reached skill level 4 in Earth Magic
  3248 | D:4      | Reached skill level 4 in Alchemy
  4075 | D:5      | Entered Level 5 of the Dungeon
  4156 | D:5      | Reached skill level 5 in Fighting
  4223 | D:5      | Reached XP level 7. HP: 52/54 MP: 0/0
  4223 | D:5      | Learned a level 3 spell: Gell's Gravitas
  4229 | D:5      | Noticed Duvessa
  4235 | D:5      | Noticed Pikel
  4236 | D:5      | Noticed Dowan
  4241 | D:4      | HP: 12/54 [lemure[Pikel] (7)]
  4408 | D:4      | Killed Pikel
  4409 | D:4      | Reached skill level 7 in Fighting
  4409 | D:4      | Reached skill level 5 in Spellcasting
  4409 | D:4      | Reached skill level 5 in Conjurations
  4409 | D:4      | Reached skill level 5 in Hexes
  4409 | D:4      | Reached skill level 5 in Summonings
  4409 | D:4      | Reached skill level 5 in Necromancy
  4409 | D:4      | Reached skill level 5 in Translocations
  4409 | D:4      | Reached skill level 5 in Fire Magic
  4409 | D:4      | Reached skill level 5 in Ice Magic
  4409 | D:4      | Reached skill level 5 in Air Magic
  4409 | D:4      | Reached skill level 5 in Earth Magic
  4409 | D:4      | Reached skill level 5 in Alchemy
  4409 | D:4      | Reached XP level 8. HP: 16/64 MP: 0/0
  5084 | D:5      | Killed Duvessa
  5085 | D:5      | Reached skill level 8 in Fighting
  5093 | D:5      | Killed Dowan
  5231 | D:5      | Reached XP level 9. HP: 63/71 MP: 0/0
  5231 | D:5      | Learned a level 4 spell: Fulminant Prism
  5454 | D:5      | Reached skill level 9 in Fighting
  6034 | D:6      | Reached skill level 6 in Spellcasting
  6034 | D:6      | Reached skill level 6 in Conjurations
  6034 | D:6      | Reached skill level 6 in Hexes
  6034 | D:6      | Reached skill level 6 in Summonings
  6034 | D:6      | Reached skill level 6 in Necromancy
  6034 | D:6      | Reached skill level 6 in Translocations
  6034 | D:6      | Reached skill level 6 in Fire Magic
  6034 | D:6      | Reached skill level 6 in Ice Magic
  6034 | D:6      | Reached skill level 6 in Air Magic
  6034 | D:6      | Reached skill level 6 in Earth Magic
  6034 | D:6      | Reached skill level 6 in Alchemy
  6187 | D:6      | Found a staircase to the Ecumenical Temple.
  6229 | D:6      | Reached skill level 10 in Fighting
  7816 | D:7      | Noticed a troll
  7843 | D:7      | Killed a troll
  7844 | D:7      | Reached XP level 10. HP: 61/81 MP: 0/0
  8022 | D:7      | HP: 14/81 [wight/+3 halberd (11)]
  8025 | D:7      | Reached skill level 11 in Fighting
  8388 | D:8      | Reached skill level 7 in Spellcasting
  8388 | D:8      | Reached skill level 7 in Conjurations
  8388 | D:8      | Reached skill level 7 in Hexes
  8388 | D:8      | Reached skill level 7 in Summonings
  8388 | D:8      | Reached skill level 7 in Necromancy
  8388 | D:8      | Reached skill level 7 in Translocations
  8388 | D:8      | Reached skill level 7 in Fire Magic
  8388 | D:8      | Reached skill level 7 in Ice Magic
  8388 | D:8      | Reached skill level 7 in Air Magic
  8388 | D:8      | Reached skill level 7 in Earth Magic
  8388 | D:8      | Reached skill level 7 in Alchemy
  8396 | D:8      | HP: 14/83 [yak (10)]
  8397 | D:8      | Slain by a yak

Illustrated notes

Levels and vault maps discovered:
D:1:      dpeg_arrival_rooms_with_view, layout_rooms
D:2:      layout_basic, uniq_jessica, uniq_crazy_yiuf_cottage
D:3:      layout_rooms, ebering_ecumenical_altar_ruins, serial_shops,
          nicolae_shop_just_a_little_nook, kennysheep_crisscross,
          minmay_cut_off, uniq_terence
D:4:      layout_gridville, kennysheep_generic_room_2
D:5:      layout_layer_cave, mainiacjoe_overflow_alcove_2, uniq_duvessa,
          uniq_pikel
D:6:      layout_gridville, minmay_temple_entry_waves,
          nicolae_twisty_statue_hallways
D:7:      layout_loops_ring, minmay_misc_feat_ornament
D:8:      layout_loops_cross, minmay_misc_feat_four_crosses

Skill      XL: |  1  2  3  4  5  6  7  8  9 10 |
---------------+-------------------------------+-----
Fighting       | 1 2 3 4 5 7 8 10 11 | 11.3
Spellcasting   | 4 5 6 7 |  7.0
Conjurations   | 4 5 6 7 |  7.0
Hexes          | 4 5 6 7 |  7.0
Summonings     | 4 5 6 7 |  7.0
Necromancy     | 4 5 6 7 |  7.0
Translocations | 4 5 6 7 |  7.0
Fire Magic     | 4 5 6 7 |  7.0
Ice Magic      | 4 5 6 7 |  7.0
Air Magic      | 4 5 6 7 |  7.0
Earth Magic    | 4 5 6 7 |  7.0
Alchemy        | 4 5 6 7 |  7.0
Dodging        | |  2.1
Stealth        | |  1.5

Action                     |  1- 3 |  4- 6 |  7- 9 | 10-12 || total
---------------------------+-------+-------+-------+-------++-------
   Cast: Foxfire           |    87 |   252 |   193 |    30 ||   562
         Scorch            |       |    10 |     9 |       ||    19
         Flame Wave        |       |       |     3 |     3 ||     6
         Fulminant Prism   |       |       |     3 |       ||     3
 Armour: Robe              |     8 |    17 |    52 |    18 ||    95
  Dodge: Dodged            |     4 |    17 |    37 |    10 ||    68

Table legend: (Time is in decaauts)
 A = Elapsed time spent in this place.
 B = Non-inter-level travel time spent in this place.
 C = Inter-level travel time spent in this place.
 D = Time resting spent in this place.
 E = Time spent auto-exploring this place.
 F = Levels seen in this place.
 G = Mean time per level.
                   A        B        C        D        E       F      G
               +--------+--------+--------+--------+--------+-----+--------+
         Total |   8400 |   7664 |    736 |      0 |   6652 |   8 | 1050.0 |
       Dungeon |   8400 |   7664 |    736 |      0 |   6652 |   8 | 1050.0 |
               +--------+--------+--------+--------+--------+-----+--------+

Top non-repeatable levels by time:
     D:4: 1436 daAuts
     D:2: 1351 daAuts
     D:7: 1322 daAuts
     D:5: 1279 daAuts
     D:6: 1097 daAuts
     D:3: 992 daAuts
     D:1: 887 daAuts
     D:8: 32 daAuts

Levels and vault maps discovered:
D:1:      dpeg_arrival_rooms_with_view, layout_rooms
D:2:      layout_basic, uniq_jessica, uniq_crazy_yiuf_cottage
D:3:      layout_rooms, ebering_ecumenical_altar_ruins, serial_shops,
          nicolae_shop_just_a_little_nook, kennysheep_crisscross,
          minmay_cut_off, uniq_terence
D:4:      layout_gridville, kennysheep_generic_room_2
D:5:      layout_layer_cave, mainiacjoe_overflow_alcove_2, uniq_duvessa,
          uniq_pikel
D:6:      layout_gridville, minmay_temple_entry_waves,
          nicolae_twisty_statue_hallways
D:7:      layout_loops_ring, minmay_misc_feat_ornament
D:8:      layout_loops_cross, minmay_misc_feat_four_crosses

Table legend: (Time is in decaauts)
 A = Elapsed time spent in this place.
 B = Non-inter-level travel time spent in this place.
 C = Inter-level travel time spent in this place.
 D = Time resting spent in this place.
 E = Time spent auto-exploring this place.
 F = Levels seen in this place.
 G = Mean time per level.
                   A        B        C        D        E       F      G
               +--------+--------+--------+--------+--------+-----+--------+
         Total |   8400 |   7664 |    736 |      0 |   6652 |   8 | 1050.0 |
       Dungeon |   8400 |   7664 |    736 |      0 |   6652 |   8 | 1050.0 |
               +--------+--------+--------+--------+--------+-----+--------+

Top non-repeatable levels by time:
     D:4: 1436 daAuts
     D:2: 1351 daAuts
     D:7: 1322 daAuts
     D:5: 1279 daAuts
     D:6: 1097 daAuts
     D:3: 992 daAuts
     D:1: 887 daAuts
     D:8: 32 daAuts

Table legend:
 A = Kills in this place as a percentage of kills in the entire game.
 B = Kills by you in this place as a percentage of kills by you in the entire game.
 C = Kills by friends in this place as a percentage of kills by friends in the entire game.
 D = Other kills in this place as a percentage of other kills in the entire game.
 E = Experience gained in this place as a percentage of experience gained in the entire game.
 F = Experience gained in this place divided by the number of levels of this place that you have seen.
                   A       B       C       D       E      F
               +-------+-------+-------+-------+-------+----------------------
         Total | 100.0 | 100.0 |   N/A | 100.0 | 100.0 | 605.6
       Dungeon | 100.0 | 100.0 |   N/A | 100.0 | 100.0 | 605.6
               +-------+-------+-------+-------+-------+----------------------
